 Dungeon Crawl Stone Soup version 0.29-a0-23-ga79f92ac9c (webtiles) character file.

Game seed: 11796962726784440453

21 HallandMoats the Skirmisher (level 2, 16/16 HPs)
             Began as a Vine Stalker Fighter on Jan 30, 2022.
             Was a Follower of Nemelex Xobeh.
             Got out of the dungeon alive.
             The game lasted 00:01:16 (830 turns).

HallandMoats the Skirmisher (Vine Stalker Fighter)   Turns: 830, Time: 00:01:16

Health: 16/16      AC:  6    Str: 18    XL:     2   Next: 87%
Magic:  3/3        EV:  9    Int:  8    God:    Nemelex Xobeh [*.....]
Gold:   33         SH:  4    Dex: 13    Spells: 1/1 levels left

rFire   . . .      SeeInvis .   a - +0 war axe
rCold   . . .      Faith    .   c - +0 buckler
rNeg    . . .      Spirit   +   b - +0 scale mail
rPois   .          Reflect  .   (no helmet)
rElec   .          Harm     .   (no cloak)
rCorr   .          Rampage  .   (no gloves)
Will    .....                   (no boots)
Stlth   ..........              (no amulet)
HPRegen 0.05/turn               (no ring)
MPRegen 0.08/turn               (no ring)

@: no status effects
A: fangs 2, magic shield, antimagic bite, no potion heal 2
a: Renounce Religion, Draw Escape, Draw Destruction, Draw Summoning


You escaped.
You worshipped Nemelex Xobeh.
Nemelex Xobeh was aware of your devotion.
You visited 1 branch of the dungeon, and saw 1 of its levels.

You collected 33 gold pieces.

Inventory:

Hand Weapons
 a - a +0 war axe (weapon)
Armour
 b - a +0 scale mail (worn)
 c - a +0 buckler (worn)
Scrolls
 e - a scroll of teleportation {unknown}
Potions
 d - a potion of might
 f - a potion of heal wounds {unknown}
 g - a potion of curing {unknown}


   Skills:
 * Level 2.8 Fighting
 * Level 2.2 Axes
 + Level 2.5 Armour
 + Level 0.3 Dodging
 + Level 2.8 Shields
 * Level 0.7 Invocations


You had one spell level left.
You didn't know any spells.
Your spell library was empty.

Dungeon Overview and Level Annotations

Branches:
Dungeon (1/15)

Altars:
Nemelex Xobeh


Innate Abilities, Weirdness & Mutations

You have extremely sharp teeth.
When hurt, damage is shared between your health and your magic reserves.
Your bite disrupts and absorbs the magic of your enemies.
Potions cannot restore your health.


Message History

A frilled lizard is nearby!
A frilled lizard is nearby!
A frilled lizard is nearby!
Found a scroll labelled BOAMYIPAKH.
The frilled lizard bites you.
You closely miss the frilled lizard. The frilled lizard barely misses you.
The frilled lizard bites you but does no damage.
You slash the frilled lizard!
You kill the frilled lizard!
No target in view!
No target in view!
No target in view!
No target in view!
No target in view!
No target in view!
No target in view!
No target in view!
Search for what [? for help]? altar
There is a faded altar of an unknown god here.
You cannot tell which god this altar belongs to.
Convert to them anyway?
Nemelex Xobeh accepts your prayer! Nemelex Xobeh welcomes you!
You can now draw from decks of power.
Nemelex will now gift you decks of power as you gain piety.
Nemelex Xobeh deals you some cards!
You now have 1 escape card, 5 destruction cards and 3 summoning cards.
(D) Dungeon
Where to? (Enter - D:1 @ (x,y), ? - help)
What level of the Dungeon? (default 1, ? - help)
You see here a +0 dagger.
There is an open gate here.
You see here 19 stones.
There is a staircase leading out of the dungeon here.
(D) Dungeon
Where to? (Enter - D:1 @ (x,y), ? - help)
What level of the Dungeon? (default 1, ? - help)
Okay, then.
Unknown command.
Unknown command.
Are you sure you want to leave the Dungeon?
This will make you lose the game!
You have escaped!

#..)..#
#........###.#####...#.
#.###.############.....##
#....# ..# #..[.#
###..#.###..# #.##.#
#.###.##.####....#.# ##.#
#.##.#
#.....#.###......#.# #.#
#.##.#
###.#####..(.....### #.#
#.##.# #######......##..#
#.# #.##..
#..'.......####..# #.#
#..... ...'(....### #.@#
#.# #.....
#).'.......####..# #.#
#..... #######......##..#
#.# ##.... ###........#
#.# #.... ###......# #.#
###.. ###....# #.# ###
###..# #.# # #### #.# ###
#.# ##.#


There were no monsters in sight!

Vanquished Creatures
  2 dart slugs (D:1)
  A ball python (D:1)
  An endoplasm (D:1)
  2 goblins (D:1)
  2 hobgoblins (D:1)
  3 bats (D:1)
  2 frilled lizards (D:1)
  2 kobolds (D:1)
  2 rats (D:1)
17 creatures vanquished.

Notes
Turn   | Place    | Note
-------+----------+-------------------------------------------
     0 | D:1      | HallandMoats the Vine Stalker Fighter began the quest for
                  | the Orb.
     0 | D:1      | Reached XP level 1. HP: 11/11 MP: 2/2
   162 | D:1      | Reached XP level 2. HP: 10/16 MP: 3/3
   515 | D:1      | Found a faded altar of an unknown god.
   763 | D:1      | Prayed at the altar of an unknown god.
   763 | D:1      | Became a worshipper of Nemelex Xobeh the Trickster
   763 | D:1      | Reached * piety under Nemelex Xobeh
   763 | D:1      | Received a gift from Nemelex Xobeh
   830 | D:$      | Got out of the dungeon alive.

Illustrated notes

Levels and vault maps discovered:
D:1:      lemuel_arrival_funnel, layout_loops_ring,
          shapermc_ecumenical_altar_starsandcircs, minmay_tall_x

Skill      XL: |  1  2 |
---------------+-------+-----
Axes           | 2 |  2.2
Fighting       | |  2.8
Armour         | |  2.5
Dodging        | |  0.3
Shields        | |  2.8
Invocations    | |  0.7

Action                   || total
-------------------------++-------
Melee: War axe           ||    43
       Bite              ||     7
Armor: Scale mail        ||    29
Dodge: Dodged            ||    30
Block: Buckler           ||    12

Table legend: (Time is in decaauts)
 A = Elapsed time spent in this place.
 B = Non-inter-level travel time spent in this place.
 C = Inter-level travel time spent in this place.
 D = Time resting spent in this place.
 E = Time spent auto-exploring this place.
 F = Levels seen in this place.
 G = Mean time per level.
                   A        B        C        D        E       F      G
               +--------+--------+--------+--------+--------+-----+--------+
         Total |    849 |    750 |     99 |      0 |    639 |   1 |  849.0 |
       Dungeon |    849 |    750 |     99 |      0 |    639 |   1 |  849.0 |
               +--------+--------+--------+--------+--------+-----+--------+

Top non-repeatable levels by time:
     D:1: 849 daAuts
